 Dungeon Crawl Stone Soup version 0.23-a0-839-g6d2b917 (console) character file.

72 bli the Slasher (level 4, -18/37 HPs)
             Began as a Barachi Fighter on Jan 25, 2019.
             Demolished by an ogre
             ... wielding a +0 giant club
              (20 damage)
             ... on level 4 of the Dungeon.
             The game lasted 00:03:14 (1202 turns).

bli the Slasher (Barachi Fighter)                   Turns: 1202, Time: 00:03:15

Health: -18/37     AC:  3    Str: 23    XL:     4   Next: 26%
Magic:  4/4        EV:  8    Int:  8    God:
Gold:   19         SH:  9    Dex: 12    Spells: 3/3 levels left

rFire    . . .     SeeInvis .   a - +0 long sword
rCold    . . .     Gourm    .   c - +0 shield
rNeg     . . .     Faith    .   l - +0 leather armour
rPois    .         Spirit   .   (no helmet)
rElec    .         Reflect  .   (no cloak)
rCorr    .         Harm     .   (no gloves)
MR       .....                  (no boots)
Stlth    +.........             (no amulet)
HPRegen  0.12/turn              (no ring)
MPRegen  0.09/turn              (no ring)

@: mighty, can't hop, slow
A: +LOS, swims, slowness 1, strong legs 1
a: Hop


You were on level 4 of the Dungeon.
You were hungry.

You visited 1 branch of the dungeon, and saw 3 of its levels.

You collected 19 gold pieces.

Inventory:

Hand Weapons
 a - a +0 long sword (weapon)
 i - a +0 hunting sling
Missiles
 j - 40 stones (quivered)
Armour
 b - a +0 scale mail
 c - a +0 shield (worn)
 l - a +0 leather armour (worn)
 o - a +2 pair of boots
Scrolls
 e - a scroll of remove curse {unknown}
 g - 3 scrolls of identify {unknown}
 m - a scroll of magic mapping {unknown}
Potions
 h - a potion of lignification {unknown}
 k - a potion of curing {unknown}
Comestibles
 f - a ration
 n - 2 chunks of flesh


   Skills:
 - Level 4.0 Fighting
 + Level 4.5 Long Blades
 - Level 4.0 Armour
 * Level 3.6 Shields


You had 3 spell levels left.
You didn't know any spells.
Your spell library was empty.

Dungeon Overview and Level Annotations

Branches:
Dungeon (2/15)

Altars:


Innate Abilities, Weirdness & Mutations

Shadows flee at your approach. (+LOS)
You can swim through water.
You cover ground slowly.
You can hop short distances.


Message History

The ogre hits you with a +0 giant club!!
Ouch! That really hurt!
* * * LOW HITPOINT WARNING * * *
Unknown command.
There is an open door here.
The worker ant barely misses you.
Okay, then.
Unknown command.
You feel very mighty all of a sudden. The worker ant bites you.
* * * LOW HITPOINT WARNING * * *
You slash the worker ant!
You kill the worker ant!
You have reached level 4!
You feel stronger.
You hit the ogre.
The ogre is moderately wounded.
The ogre hits you with a +0 giant club!!
Ouch! That really hurt!
You die...

...... # ....... ..
...... .. #...#
..########...#
............#
#.........#
##.........#
+..........#
##O#####...#
..##@..###...##
..................#
..................#
.##...##..........#
#...##..........#
.... #...........#
.... +[..........+
.... #...........#
### ##.####.##.##
#+# #.# ## .$


You could see an ogre.

Vanquished Creatures
  A worker ant (D:4)
  An adder (D:2)
  3 leopard geckos (D:1)
  3 giant cockroaches (D:1)
  5 goblins (D:1)
  2 hobgoblins (D:1)
  3 jackals (D:1)
  A ball python (D:1)
  3 bats (D:1)
  9 frilled lizards (D:1)
  6 kobolds (D:1)
37 creatures vanquished.

Notes
Turn   | Place    | Note
-------+----------+-------------------------------------------
     0 | D:1      | bli the Barachi Fighter began the quest for the Orb.
     0 | D:1      | Reached XP level 1. HP: 18/18 MP: 1/1
   301 | D:1      | Reached XP level 2. HP: 25/25 MP: 2/2
   705 | D:1      | Reached XP level 3. HP: 26/30 MP: 3/3
  1185 | D:2      | You fall through a shaft for 2 floors!
  1186 | D:4      | Noticed an ogre
  1200 | D:4      | HP: 1/30 [worker ant (4)]
  1201 | D:4      | Reached XP level 4. HP: 2/37 MP: 4/4
  1202 | D:4      | Demolished by an ogre

Vault maps used:
D:1:      dpeg_arrival_water_fire, st_stairs_7, minmay_lizard_king
D:2:      first_ration
D:4:      minmay_temple_entry_statues_pillars, ashenzari_altar_1

Skill      XL: |  1  2  3 |
---------------+----------+-----
Long Blades    | 3 4 |  4.5
Fighting       | 4 |  4.0
Armour         | 4 |  4.0
Shields        | |  3.6

Action                   |  1- 3 |  4- 6 || total
-------------------------+-------+-------++-------
Melee: Long sword        |   113 |     1 ||   114
Throw: Stone             |     3 |       ||     3
 Abil: Hop               |     1 |       ||     1
  Use: Potion            |     1 |       ||     1
  Eat: Chunk             |     1 |       ||     1
Armor: Scale mail        |    26 |       ||    26
       Leather armour    |    11 |       ||    11
Dodge: Dodged            |    33 |       ||    33
Block: Shield            |    63 |       ||    63
       Rpst.: Long sword |    11 |       ||    11

Table legend:
 A = Non-vault XP
 B = Vault XP
 C = Vault XP percentage of total XP
 D = Non-vault monster count
 E = Vault monster count
 F = Vault count percentage of total count
                 A         B        C        D         E       F
            +---------+---------+-------+---------+---------+-------
      Total |      91 |      13 |  12.5 |      27 |      10 |  27.0
            +---------+---------+-------+---------+---------+-------
        D:1 |      45 |      13 |  22.4 |      25 |      10 |  28.6
        D:2 |      14 |       0 |   0.0 |       1 |       0 |   0.0
        D:4 |      32 |       0 |   0.0 |       1 |       0 |   0.0
            +---------+---------+-------+---------+---------+-------
